 Dungeon Crawl Stone Soup version 0.29.1-12-g30fa7ad0bf (webtiles) character file.

Game seed: 18292935214134996582

317 hawla the Firebug (level 7, -1/51 HPs)
             Began as a Meteoran Fire Elementalist on Jan 10, 2023.
             Was an Initiate of Vehumet.
             Slain by a water moccasin (7 damage)
             ... on level 5 of the Dungeon.
             The game lasted 00:04:19 (936 turns).

hawla the Firebug (Meteoran Fire Elementalist)       Turns: 936, Time: 00:04:21

Health: -1/51      AC:  4    Str:  8 (9)  XL:     7   Next: 4%
Magic:  10/13      EV: 12    Int: 17 (19) God:    Vehumet [......]
Gold:   32         SH:  0    Dex: 13 (15) Spells: 0/13 levels left

rFire   . . .      SeeInvis .   (no weapon)
rCold   . . .      Faith    .   (no shield)
rNeg    . . .      Spirit   .   a - +0 robe
rPois   .          Reflect  .   n - +0 helmet
rElec   .          Harm     .   g - +0 cloak
rCorr   .          Rampage  .   (no gloves)
Will    .....                   (no boots)
Stlth   +.........              (no amulet)
HPRegen 0.17/turn               i - ring of wizardry
MPRegen 0.13/turn               (no ring)

@: lethally poisoned (-1 -> -8), very slightly contaminated, glowing
A: sense surroundings 1, otherworldly, glowing, explore regen
a: Renounce Religion


You were on level 5 of the Dungeon.
You worshipped Vehumet.
Vehumet was noncommittal.
You visited 2 branches of the dungeon, and saw 6 of its levels.

You collected 32 gold pieces.

Inventory:

Armour
 a - a +0 robe (worn)
 g - a +0 cloak (worn)
 n - a +0 helmet (worn)
Jewellery
 i - a ring of wizardry (left hand)
Wands
 m - a wand of paralysis (7) (quivered)
Scrolls
 f - a scroll of enchant weapon {unknown}
 h - a scroll of torment {unknown}
 k - a scroll of identify {unknown}
 l - a scroll of teleportation {unknown}
Potions
 b - a potion of magic
 c - a potion of degeneration
 d - a potion of might {unknown}
 e - a potion of haste {unknown}
 j - a potion of experience {unknown}


   Skills:
 - Level 0.3 Fighting
 - Level 2.7 Dodging
 - Level 1.4 Stealth
 - Level 3.9 Spellcasting
 - Level 5.3 Conjurations
 + Level 0.6 Translocations
 - Level 5.5 Fire Magic


You couldn't memorise any spells.
You knew the following spells:

 Your Spells              Type           Power      Damage    Failure   Level
a - Foxfire               Conj/Fire      84%        2x1d8     1%          1
b - Scorch                Fire           44%        2d7       1%          2
c - Flame Wave            Conj/Fire      21%        2d8       7%          4
d - Dispersal             Tloc           2%         N/A       99%         6

Your spell library contained the following spells:

 Spells                   Type           Power      Damage    Failure   Level
 Conjure Flame            Conj/Fire      21%        6-21      1%          3
 Inner Flame              Hex/Fire       12%        N/A       6%          3
 Gell's Gravitas          Tloc           5%         N/A       16%         3
 Teleport Other           Tloc           5%         N/A       16%         3


Dungeon Overview and Level Annotations

Branches:
Dungeon (5/15) Zot: 2253   Temple (1/1) D:4 Zot: 406

Altars:
Dithmenos
Elyvilon
Fedhas
Gozag
Hepliaklqana
Makhleb
Okawaru
Qazlal
Sif Muna
Trog
Uskayaw
Vehumet
Wu Jian
Xom
Zin
The Shining One


Innate Abilities, Weirdness & Mutations

You passively map a small area around you.
You are easily found by Zot.
You glow in the dark.
You regain HP and MP as you explore.


Message History

Unknown command.
Your foxfire dissipates!
You see here an adder corpse.
Found a helmet.
You see here a +0 helmet.
You start putting on your armour.
You continue putting on your +0 helmet. x4
You finish putting on your +0 helmet.
A centaur comes into view.
The centaur shouts!
The centaur wields a +0 shortbow.
The centaur shoots an arrow.
The arrow hits you but does no damage.
The centaur shoots an arrow.
The arrow hits you.
The centaur shoots an arrow.
The arrow hits you!
A water moccasin comes into view.
The centaur shoots an arrow.
The arrow hits you!
The centaur shoots an arrow.
The arrow hits you!
You are too injured to fight recklessly!
The centaur unwields a +0 shortbow.
The centaur closely misses you.
The centaur kicks you but does no damage.
Casting: Scorch (safe; 1% risk of failure)
Confirm with . or Enter, or press ? or * to list all spells.
Casting: Flame Wave (dangerous; 6% risk of failure)
Press: ? - help, Dir - look around, f - activate You miscast Flame Wave.
You are very lightly contaminated with residual magic.
The air around you crackles with energy.
The centaur hits you but does no damage.
The centaur misses you. The water moccasin bites you.
You are poisoned.
The water moccasin poisons you! The centaur hits you.
* * * LOW HITPOINT WARNING * * *
The centaur closely misses you. The water moccasin barely misses you.
It was a potion of degeneration.
There was something very wrong with that liquid.
You feel weakened.
You feel dopey.
You feel clumsy.
You feel sick. The centaur hits you.
* * * LOW HITPOINT WARNING * * *
The centaur kicks you but does no damage.
The water moccasin bites you!
You die...

,,
,......#...............
...##.#....#.......... *
, ..........##.......#..
,..........#.......#.. ,
##................[. , ,
#...................
###.................
...##......#....##.###..
,......S@....#...# ###..
......c........... #....
............####......##
...........## .#....
..........## ##. *
..........# * #,, .
.#...##.... * ## **,
#... ...... , ,, , * ,


You could see a water moccasin and a centaur.

Vanquished Creatures
  A phantom (D:5)
  A bullfrog (D:4)
  2 hounds
  2 orc wizards (D:5)
  3 adders
  A worm (D:3)
  A dart slug (D:4)
  9 orcs
  2 ball pythons
  An endoplasm (D:1)
  A giant cockroach (D:4)
  A goblin (D:4)
  6 hobgoblins
  3 quokkas
  A bat (D:1)
  A frilled lizard (D:3)
  2 kobolds
38 creatures vanquished.

Vanquished Creatures (collateral kills)
  A foxfire (D:4)
1 creature vanquished.

Vanquished Creatures (others)
  85 foxfires
  3 plants (D:4)
88 creatures vanquished.

Grand Total: 127 creatures vanquished

Notes
Turn   | Place    | Note
-------+----------+-------------------------------------------
     0 | D:1      | hawla the Meteoran Fire Elementalist began the quest for
                  | the Orb.
     0 | D:1      | Reached XP level 1. HP: 14/14 MP: 5/5
    69 | D:1      | Reached XP level 2. HP: 20/20 MP: 3/6
    72 | D:1      | Learned a level 2 spell: Scorch
   144 | D:3      | Reached XP level 3. HP: 26/26 MP: 4/8
   331 | D:4      | Reached skill level 5 in Fire Magic
   349 | D:4      | Reached XP level 4. HP: 33/33 MP: 5/9
   354 | D:4      | Learned a level 4 spell: Flame Wave
   522 | D:4      | Found a staircase to the Ecumenical Temple.
   530 | D:4      | Reached XP level 5. HP: 37/38 MP: 5/10
   533 | Temple   | Entered the Ecumenical Temple
   697 | Temple   | Became a worshipper of Vehumet
   742 | D:4      | Noticed a bullfrog
   746 | D:4      | Killed a bullfrog
   762 | D:5      | Entered Level 5 of the Dungeon
   778 | D:5      | Noticed a phantom
   783 | D:5      | Killed a phantom
   784 | D:5      | Reached skill level 5 in Conjurations
   784 | D:5      | Reached XP level 6. HP: 44/45 MP: 8/12
   811 | D:5      | Reached XP level 7. HP: 36/51 MP: 1/13
   820 | D:5      | Learned a level 6 spell: Dispersal
   932 | D:5      | Noticed a water moccasin
   936 | D:5      | Slain by a water moccasin

Illustrated notes

Levels and vault maps discovered:
D:1:      dpeg_arrival_tiny_g, layout_basic
D:2:      cheibrodos_fertilizer, layout_loops_ring,
          shapermc_ecumenical_altar_mp_highgroup, uniq_natasha
D:3:      layout_loops_corners, cheibrodos_worm_habitat, uniq_grinder
D:4:      layout_loops_ring, temple_green, serial_bayou_crossing,
          uniq_crazy_yiuf_cottage
D:5:      layout_cave_pools, doesnt_shop_hydraphobe
Temple:   bh_familiar_temple

Skill      XL: |  1  2  3  4  5 |
---------------+----------------+-----
Fire Magic     | 4 5 |  5.5
Spellcasting   | 3 |  3.9
Conjurations   | 3 5 |  5.3
Fighting       | |  0.3
Dodging        | |  2.7
Stealth        | |  1.4
Translocations | |  0.6

Action                   |  1- 3 |  4- 6 |  7- 9 || total
-------------------------+-------+-------+-------++-------
Melee: Unarmed           |     8 |     5 |     6 ||    19
 Cast: Foxfire           |    19 |    33 |     2 ||    54
       Scorch            |     8 |     9 |     1 ||    18
  Use: Potion            |       |       |     1 ||     1
Armor: Robe              |     2 |     2 |     5 ||     9
Dodge: Dodged            |     4 |     6 |     9 ||    19
